Match 46987295
Unlisted

Match 46987295
End
Pioneer Squad
Construct Infanterie Kompanie
Grenadier Squad
MG 42 Machine Gun Team
Grenadier Squad
Selects Terror Battlegroup
Selects Machine Gun Camouflage
Construct Panzergrenadier Kompanie
251 Medium Carrier
Selects Interrogate
Panzergrenadier Squad
Support Elements
StuG III G Assault Gun
Nebelwerfer 42 Rocket Launcher Team
Pioneer Squad
StuG III G Assault Gun
Selects No Quarter
Panzergrenadier Officer Quarters
[PD]Folscher
[PD]Bimbi
[PD]DerSchonWieder
KızdırılmışTütünÇubuğu
Mansonfreakss
SMAW
0
0

Comments sign in to comment!

No comments posted yet!